 Dungeon Crawl Stone Soup version 0.29.1-1-gd02db6906a (webtiles) character file.

Game seed: 17481052161386697603

1751 tardwrangler69 the Cleaver (level 9, -2/64 HPs)
             Began as a Gargoyle Chaos Knight on Sept 28, 2022.
             Was a Plaything of Xom.
             Slain by an ice beast (14 damage)
             ... on level 4 of the Dungeon.
             The game lasted 00:10:21 (6403 turns).

tardwrangler69 the Cleaver (Gargoyle Chaos Knight)  Turns: 6403, Time: 00:10:22

Health: -2/64      AC: 14    Str: 20    XL:     9   Next: 6%
Magic:  9/9        EV: 10    Int: 16    God:    Xom [*.....]
Gold:   190        SH:  0    Dex: 14    Spells: 8/8 levels left

rFire   + + .      SeeInvis .   d - +2 whip (elec)
rCold   . . .      Faith    .   (no shield)
rNeg    + . .      Spirit   .   a - +0 ring mail
rPois   ∞          Reflect  .   (helmet restricted)
rElec   +          Harm     .   (no cloak)
rCorr   +          Rampage  .   m - +0 pair of gloves
Will    .....      Clarity  +   (no boots)
Stlth   +.........              (no amulet)
HPRegen 0.20/turn               l - +6 ring of dexterity
MPRegen 0.11/turn               o - ring of fire

@: resistant, attractive, flying
A: sickness immunity, AC +6, negative energy resistance 1, electricity
resistance, torment resistance 1, petrification resistance, antennae 1,
iridescent scales 1, clarity, clever 1, robust 1, MP-powered wands
a: Renounce Religion


You were on level 4 of the Dungeon.
You worshipped Xom.
You were a special plaything of Xom.
You visited 1 branch of the dungeon, and saw 5 of its levels.

You collected 190 gold pieces.

Inventory:

Hand Weapons
 d - a +2 whip of electrocution (weapon)
 f - a +0 hand axe of electrocution
 t - a +2 trident of freezing
 w - the +1 short sword "Gargoyle's Bane" {venom, Dex+4}
   (You found it on level 4 of the Dungeon)

   It poisons the flesh of those it strikes.
   Dex:       It affects your dexterity (+4).
Armour
 a - a +0 ring mail (worn)
 m - a +0 pair of gloves (worn)
Jewellery
 l - a +6 ring of dexterity (left hand)
 o - a ring of fire (right hand)
Wands
 b - a wand of flame (11)
 s - a wand of roots (4)
Scrolls
 e - 2 scrolls of immolation
 g - a scroll of amnesia
 i - a scroll of brand weapon {unknown}
 j - 2 scrolls of identify
 k - 3 scrolls of noise {unknown}
Potions
 q - a potion of cancellation
Miscellaneous
 c - a piece from Xom's chessboard (15/15) (quivered)


   Skills:
 + Level 7.9 Fighting
 * Level 9.0 Axes
 - Level 2.1 Armour
 - Level 0.7 Dodging


You had 8 spell levels left.
You didn't know any spells.
Your spell library contained the following spells:

 Spells                   Type           Power      Damage    Failure   Level
 Summon Small Mammal      Summ           0%         N/A       38%         1
 Call Canine Familiar     Summ           0%         N/A       77%         3
 Summon Guardian Golem    Hex/Summ       0%         N/A       77%         3


Dungeon Overview and Level Annotations

Branches:
Dungeon (5/15)
 Temple: D:4-7

Altars:

Shops:
D:4 [

Annotations:
D:2 exclusion: downstairs
D:4 exclusion: 3 downstairs


Innate Abilities, Weirdness & Mutations

You are immune to sickness and miasma.
Your stone body is resilient. (AC +6)
You are immune to poison.
You resist negative energy. (rN+)
You are resistant to electric shocks. (rElec)
You are resistant to unholy torment.
You are immune to petrification.
You have a pair of small antennae on your head.
You are partially covered in iridescent scales. (AC +2)
You possess an exceptional clarity of mind.
Your mind is acute. (Int +4, Str/Dex -1)
You are robust. (+10% HP)
You expend magic power (3 MP) to strengthen your wands.


Message History

The ice beast closely misses you.
You see here a dart slug corpse.
The ice beast attacks as you move away!
The ice beast completely misses you. "Hum-dee-hum-dee-hum..."
The ice beast suddenly seems more resistant.
You see here an adder skeleton.
The ice beast attacks as you move away! The ice beast barely misses you.
The ice beast attacks as you move away!
The ice beast hits you but does no damage.
The ice beast attacks as you move away! The ice beast closely misses you.
The ice beast attacks as you move away!
The ice beast hits you but does no damage.
The ice beast attacks as you move away!
The ice beast hits you but does no damage.
The ice beast attacks as you move away!
The ice beast hits you but does no damage.
Things that are here:
a +0 dagger; a scorpion corpse
There is a stone staircase leading up here.
The ice beast misses you.
You climb upwards.
Level annotation: exclusion: 3 downstairs Reactivating autopickup.
There is a stone staircase leading down here.
Press: ? - help, v - describe, . - travel
Here: an ice beast (unusually resistant)
The floor.
It was a potion of flight.
You feel very buoyant.
You fly up into the air.
The ice beast barely misses you.
It was a potion of attraction.
You feel attractive to monsters. The ice beast closely misses you.
It was a potion of magic.
Magic courses through your body. The ice beast completely misses you.
The ice beast attacks as you move away! The ice beast hits you.
* * * LOW HITPOINT WARNING * * *
The ice beast freezes you!
You die...
Xom roars with laughter!

..####.# ####.....# #.
#......# ##.##.....# ##
#.)##### ##...####.##
...# ##.....###.#### ...#
##.............#
#..######.........#÷##.#
#.###⌠.⌠...#####....##.##
#.# #.∩.##.# #Y[......#
#.# #⌠.⌠##.# #@..###..##
..# ###.##.# #...###...#
.## #<...#####.......#.#
.# #.#........)[..###.#
.# #.#....###.>...# #w#
.# #.####.# #.....# #.#
.# #.####.# #.....# #.#
## #....).# #.....# #.# #
######)######### #.#


You could see an ice beast (resistant).

Vanquished Creatures
  Pikel (D:3)
  Prince Ribbit (D:4)
  A steam dragon (D:3)
  Menkaure (D:4)
  An ogre (D:4)
  3 lemures
  Blork the orc (D:4)
  A scorpion (D:5)
  2 howler monkeys
  3 hounds
  2 orc priests (D:4)
  2 iguanas
  4 orc wizards
  5 adders
  2 ufetubi
  2 worms
  3 dart slugs
  17 orcs
  8 endoplasms
  3 giant cockroaches
  11 goblins
  3 hobgoblins
  4 quokkas
  2 ball pythons (D:1)
  2 bats
  3 frilled lizards
  8 kobolds
  7 rats
103 creatures vanquished.

Vanquished Creatures (collateral kills)
  Edmund (D:4)
1 creature vanquished.

Vanquished Creatures (others)
  2 plants (D:5)
2 creatures vanquished.

Grand Total: 106 creatures vanquished

Notes
Turn   | Place    | Note
-------+----------+-------------------------------------------
     0 | D:1      | tardwrangler69 the Gargoyle Chaos Knight began the quest
                  | for the Orb.
     0 | D:1      | Reached XP level 1. HP: 14/14 MP: 1/1
    22 | D:1      | XOM: divination: magic mapping
   145 | D:1      | XOM: 1-stop teleportation journey
   467 | D:1      | Reached skill level 3 in Axes
   467 | D:1      | Reached XP level 2. HP: 19/19 MP: 2/2
  1161 | D:1      | XOM: silly message
  1564 | D:2      | Reached XP level 3. HP: 16/24 MP: 3/3
  2241 | D:3      | XOM: confuse monster(s)
  2251 | D:3      | Reached XP level 4. HP: 24/29 MP: 4/4
  2279 | D:3      | XOM: fog
  2284 | D:3      | XOM: butterfly on damage
  2398 | D:2      | XOM: god gift: wand of roots (4)
  2428 | D:3      | XOM: enchant monster (good)
  2433 | D:3      | Reached skill level 4 in Axes
  2561 | D:3      | XOM: butterfly on damage
  2564 | D:3      | XOM: summons friendly crimson imp
  2581 | D:3      | XOM: fog
  2599 | D:3      | XOM: give mutations
  2599 | D:3      | Gained mutation: You have hidden genetic potential. [Xom's
                  | grace]
  2599 | D:3      | Gained mutation: You are partially covered in iridescent
                  | scales. (AC +2) [Xom's grace]
  2830 | D:2      | XOM: divination: magic mapping
  3066 | D:3      | XOM: cleaving
  3073 | D:3      | XOM: confuse monster(s)
  3371 | D:3      | XOM: divination: detect creatures
  3375 | D:3      | Reached XP level 5. HP: 19/34 MP: 5/5
  3480 | D:3      | XOM: silly message
  3855 | D:4      | Gained mutation: You have a pair of small antennae on your
                  | head. [hidden potential]
  3971 | D:4      | Noticed Menkaure
  3981 | D:4      | Noticed Sigmund
  3982 | D:4      | XOM: summons friendly quasit
  3983 | D:4      | Noticed Sigmund
  3983 | D:4      | Sigmund changed into Sigmund the steam dragon
  3983 | D:4      | XOM: polymorph Sigmund -> Sigmund the steam dragon
  4091 | D:4      | Killed Menkaure
  4092 | D:4      | Reached skill level 5 in Axes
  4092 | D:4      | Reached XP level 6. HP: 23/40 MP: 6/6
  4116 | D:4      | Gained mutation: You possess an exceptional clarity of
                  | mind. [hidden potential]
  4116 | D:4      | Lost mutation: You have hidden genetic potential. [hidden
                  | potential expressed]
  4182 | D:4      | XOM: 4-stop teleportation journey
  4183 | D:4      | XOM: noise
  4185 | D:4      | XOM: enchant monster (bad)
  4186 | D:4      | XOM: divination: magic mapping
  4193 | D:4      | Reached skill level 5 in Fighting
  4229 | D:4      | XOM: divination: magic mapping
  4255 | D:4      | Noticed Pikel
  4413 | D:3      | Killed Sigmund the steam dragon
  4414 | D:3      | Reached skill level 6 in Axes
  4414 | D:3      | Reached XP level 7. HP: 40/44 MP: 7/7
  4488 | D:4      | Found Pugupp Jias's Antique Armour Boutique.
  4611 | D:4      | Noticed Blork the orc
  4614 | D:4      | XOM: potion effect (curing)
  4622 | D:4      | Killed Blork the orc
  4848 | D:4      | XOM: enchant monster (bad)
  4991 | D:3      | XOM: silly message
  5124 | D:4      | XOM: divination: magic mapping
  5127 | D:4      | XOM: potion effect (curing)
  5129 | D:4      | XOM: enchant monster (bad)
  5130 | D:3      | XOM: potion effect (curing)
  5131 | D:3      | Killed Pikel
  5132 | D:3      | Reached skill level 7 in Axes
  5132 | D:3      | Reached XP level 8. HP: 39/52 MP: 8/8
  5163 | D:3      | XOM: god gift: scroll labelled BEQOHO FOUK {god gift}
  5446 | D:4      | Identified the +1 short sword "Gargoyle's Bane" {venom,
                  | Dex+4}
  5549 | D:4      | XOM: give mutations
  5549 | D:4      | Gained mutation: You are robust. (+10% HP) [Xom's grace]
  5549 | D:4      | Gained mutation: You expend magic power (3 MP) to
                  | strengthen your wands. [Xom's grace]
  5549 | D:4      | Gained mutation: Your mind is acute. (Int +4, Str/Dex -1)
                  | [Xom's grace]
  5774 | D:5      | Entered Level 5 of the Dungeon
  5997 | D:5      | Noticed Prince Ribbit
  5998 | D:5      | Noticed Edmund
  6002 | D:5      | XOM: polymorph hound -> worm
  6011 | D:5      | XOM: god gift: scroll labelled KORAUNTESAO {god gift}
  6036 | D:4      | Killed Prince Ribbit
  6037 | D:4      | Reached skill level 8 in Axes
  6073 | D:4      | XOM: give mutations
  6073 | D:4      | Gained mutation: You are weak. (Str -2) [Xom's mischief]
  6073 | D:4      | Lost mutation: You are weak. (Str -2) [Xom's mischief]
  6240 | D:4      | XOM: cast spell 'Call Canine Familiar'
  6243 | D:4      | Killed Edmund
  6254 | D:5      | Reached XP level 9. HP: 55/64 MP: 9/9
  6353 | D:5      | Reached skill level 9 in Axes
  6367 | D:5      | XOM: enchant monster (bad)
  6377 | D:5      | XOM: enchant monster (bad)
  6403 | D:4      | Slain by an ice beast

Illustrated notes

Levels and vault maps discovered:
D:1:      dpeg_arrival_round_c, layout_basic
D:2:      layout_loops_ring
D:3:      layout_basic
D:4:      layout_loops_cross, serial_shops, shop_fountains,
          grunt_decor_resistance, minmay_misc_feat_hallway, uniq_pikel,
          uniq_sigmund, uniq_blork_the_orc, uniq_menkaure
D:5:      layout_basic, elyvilon_altar_3, ebering_ghost_sewer_d,
          serial_bayou_pond_b, corexii_shack, uniq_edmund, uniq_prince_ribbit1

Skill      XL: |  1  2  3  4  5  6  7  8  9 |
---------------+----------------------------+-----
Axes           | 3 4 5 6 7 8 9 |  9.0
Fighting       | 4 5 6 7 |  7.9
Armour         | |  2.1
Dodging        | |  0.7

Action                   |  1- 3 |  4- 6 |  7- 9 || total
-------------------------+-------+-------+-------++-------
Melee: Hand axe          |   112 |    54 |       ||   166
       Trident           |       |    48 |     7 ||    55
       Punch             |       |     1 |     1 ||     2
       Whip              |       |       |   147 ||   147
  Use: Scroll            |       |     8 |     7 ||    15
       Potion            |       |     2 |     7 ||     9
Armor: Leather armour    |    18 |       |       ||    18
       Ring mail         |    23 |    52 |    76 ||   151
Dodge: Dodged            |    65 |    38 |    78 ||   181
